 Dungeon Crawl Stone Soup version 0.27.0-1-g7a089689b8 (webtiles) character file.

Game seed: 3683408820223153408

95 Ijustatesigmund the Skirmisher (level 4, -1/29 HPs)
             Began as a Gargoyle Fighter on Aug 9, 2021.
             Slain by Natasha (4 damage)
             ... on level 4 of the Dungeon.
             The game lasted 00:04:08 (2442 turns).

Ijustatesigmund the Skirmisher (Gargoyle Fighter)   Turns: 2442, Time: 00:04:09

Health: -1/29      AC: 12    Str: 19    XL:     4   Next: 66%
Magic:  4/4        EV:  5    Int:  9    God:
Gold:   99         SH:  9    Dex: 10    Spells: 3/3 levels left

rFire    . . .     SeeInvis .   a - +0 flail
rCold    + . .     Faith    .   c - +0 kite shield
rNeg     + . .     Spirit   .   b - +0 chain mail
rPois    ∞         Reflect  .   (no helmet)
rElec    +         Harm     .   (no cloak)
rCorr    .         Rampage  .   (no gloves)
Will     .....                  (no boots)
Stlth    ..........             (no amulet)
HPRegen  0.09/turn              f - ring of protection from cold
MPRegen  0.09/turn              (no ring)

@: slowed, very slow
A: sickness immunity, AC +3, negative energy resistance 1, electricity
resistance, torment resistance 1, petrification resistance
a: no special abilities


You were on level 4 of the Dungeon.
You visited 1 branch of the dungeon, and saw 4 of its levels.

You collected 99 gold pieces.

Inventory:

Hand Weapons
 a - a +0 flail (weapon)
Missiles
 e - 14 poisoned darts (quivered)
Armour
 b - a +0 chain mail (worn)
 c - a +0 kite shield (worn)
Jewellery
 f - a ring of protection from cold (left hand)
 k - a ring of magical power
Wands
 h - a wand of mindburst (18)


   Skills:
 + Level 4.1 Fighting
 * Level 3.9 Maces & Flails
 + Level 3.5 Armour
 - Level 3.2 Shields


You had 3 spell levels left.
You didn't know any spells.
Your spell library contained the following spells:

 Spells                   Type           Power      Damage    Failure   Level
 Slow                     Hex            0%         N/A       100%        2
 Confusing Touch          Hex            0%         N/A       100%        3
 Dazzling Flash           Conj/Hex       0%         N/A       100%        3
 Iskenderun's Mystic Bla  Conj/Tloc      0%         2d3       100%        4
 Yara's Violent Unravell  Hex/Tmut       0%         3d3       100%        5
 Starburst                Conj/Fire      0%         8x6d3     100%        6


Dungeon Overview and Level Annotations

Branches:
Dungeon (4/15)
 Temple: D:4-7

Altars:
Ru
Vehumet

Annotations:
D:3 Grinder
D:4 Natasha


Innate Abilities, Weirdness & Mutations

You are immune to sickness and miasma.
Your stone body is resilient. (AC +3)
You are immune to poison.
You resist negative energy. (rN+)
You are resistant to electric shocks. (rElec)
You are resistant to unholy torment.
You are immune to petrification.


Message History

Natasha mumbles some strange words.
Natasha claws you.
You barely miss Natasha.
Natasha is severely wounded.
You block Natasha's attack. Natasha claws you but does no damage.
You block the crimson imp's attack. Natasha claws you but does no damage.
You hit Natasha but do no damage.
Natasha is severely wounded.
The crimson imp hits you but does no damage.
You block Natasha's attack.
The crimson imp hits you but does no damage.
Natasha claws you but does no damage.
Your shield and chain mail prevent you from hitting Natasha.
Natasha is severely wounded.
The crimson imp grins evilly.
You block the crimson imp's attack. Natasha claws you.
The crimson imp puffs mist at you. You block the crimson imp's attack.
Natasha claws you.
You closely miss Natasha.
Natasha is severely wounded.
The crimson imp hits you but does no damage.
Natasha claws you but does no damage.
The crimson imp hits you but does no damage.
You block Natasha's attack.
You barely miss Natasha.
Natasha is severely wounded.
The crimson imp hits you but does no damage.
You block Natasha's attack. You block the crimson imp's attack.
You block Natasha's attack. The crimson imp hits you.
You closely miss Natasha.
Natasha is severely wounded.
Natasha stares at you and mumbles some strange words.
The magic dart hits you!
* * * LOW HITPOINT WARNING * * *
The crimson imp barely misses you. Natasha claws you but does no damage.
The crimson imp hits you but does no damage.
You hit Natasha.
Natasha is almost dead.
Natasha claws you.
You die...

####### ######## ####...# ##.
###.....####......###......# ##.#
..........................####..#
##############....####...## #..##
##########..## ##..# #.....##...#
#.†. ##......##..## ##..
##...###..##..# ##.. #.5@##
##.##..###... #.h## #.........##
#.. ##.......## #... #..##...#
#... ######..# ...# ##..# ...#
##... .... ###


You could see Natasha and a crimson imp (summoned).

Vanquished Creatures
  Natasha (D:4)
  2 adders
  5 ball pythons
  4 endoplasms
  5 giant cockroaches
  3 goblins (D:1)
  A hobgoblin (D:2)
  9 jackals
  6 bats
  4 frilled lizards
  5 kobolds
  5 rats
50 creatures vanquished.

Notes
Turn   | Place    | Note
-------+----------+-------------------------------------------
     0 | D:1      | Ijustatesigmund the Gargoyle Fighter began the quest for
                  | the Orb.
     0 | D:1      | Reached XP level 1. HP: 14/14 MP: 1/1
   179 | D:1      | Found a faded altar of an unknown god.
   215 | D:1      | Reached XP level 2. HP: 19/19 MP: 2/2
   938 | D:2      | Reached XP level 3. HP: 21/24 MP: 3/3
  1855 | D:3      | Found a sacrificial altar of Ru.
  2018 | D:3      | Reached skill level 4 in Fighting
  2025 | D:3      | Reached XP level 4. HP: 24/29 MP: 4/4
  2230 | D:3      | Found a radiant altar of Vehumet.
  2273 | D:3      | Noticed Grinder
  2340 | D:4      | Noticed Natasha
  2346 | D:4      | Killed Natasha
  2425 | D:4      | Noticed Natasha
  2442 | D:4      | Slain by Natasha

Illustrated notes

Levels and vault maps discovered:
D:1:      amcnicky_arrival_choice, layout_basic,
          hellmonk_ecumenical_altar_lost_god
D:2:      layout_rooms
D:3:      layout_basic, mainiacjoe_overflow_tiny_flanked,
          nicolae_overflow_hidden_temple, uniq_jessica, uniq_grinder
D:4:      layout_layer_cave, minitemple, uniq_crazy_yiuf_cottage, uniq_natasha

Skill      XL: |  1  2  3 |
---------------+----------+-----
Maces & Flails | 3 |  3.9
Fighting       | 4 |  4.1
Armour         | |  3.5
Shields        | |  3.2

Action                   |  1- 3 |  4- 6 || total
-------------------------+-------+-------++-------
Melee: Flail             |   142 |    26 ||   168
Throw: Dart              |     3 |       ||     3
  Use: Scroll            |     3 |     1 ||     4
       Potion            |     5 |       ||     5
Armor: Scale mail        |    88 |       ||    88
       Chain mail        |    30 |    18 ||    48
       Skin              |    16 |       ||    16
Dodge: Dodged            |    56 |     4 ||    60
Block: Kite shield       |   116 |    17 ||   133
